AoeStats
← guandonzu

Migration

508616342Analyzed
1v1 RM · 10d ago on Sep 23, 2026· 51m 11s· 2 players
Game mode
Random Map
Map size
132×132
Population
200
Speed
Normal
Resources
Standard
Victory
Conquest
Starting age
Dark Age
Ending age
Imperial Age
RankedLock teamsTeams togetherTeam positionsShared explorationLock speedFull tech treeHidden civsTurbo modeCheats
Victory
Defeat
🇹🇼 Gurjaras · Taiwan
458
+20
🇦🇷 Vikings · Argentina
546
-22
maya knight
6:03 Loom
10:07 Feudal Age
16:58 Castle Age
15:39 Double-Bit Axe
15:51 Stone Mining
26:28 Medium Warships
27:07 Man-at-Arms
30:17 Chieftains
31:00 Bow Saw
30:42 Gold Mining
31:05 Squires
31:49 Horse Collar
37:57 Imperial Age
37:18 Chieftains
37:08 Arson
38:43 Crossbowman
38:46 Elite Skirmisher
38:59 Onager
40:40 Fletching
40:51 Padded Archer Armor
41:02 Forging
41:25 Pikeman
45:49 Iron Casting
45:16 Scale Mail Armor
guandonzu
11:34 Feudal Age
12:03 Double-Bit Axe
16:20 Horse Collar
20:55 Castle Age
22:40 Bloodlines
24:28 Bow Saw
24:21 Heavy Plow
27:27 Wheelbarrow
26:37 Loom
27:23 Husbandry
31:44 Hand Cart
33:29 Kshatriyas
39:21 Imperial Age
37:45 Light Cavalry
39:06 Ballistics
39:23 Elite Chakram Thrower
39:33 Hussar
41:11 Elite Shrivamsha Rider
43:06 Forging
43:01 Scale Barding Armor
45:09 Iron Casting
44:54 Chain Barding Armor
45:58 Chemistry
Connection lost

Rejoining the realm…

Still unreachable

The connection could not be restored.

Session expired

The server has moved on; the page needs a fresh start.